 Dungeon Crawl Stone Soup version 0.27-a0-1456-gf5a116941d (webtiles) character file.

Game seed: 4087510814587153349

25 ipx the Firebug (level 2, -5/15 HPs)
             Began as a Deep Elf Fire Elementalist on July 5, 2021.
             Killed from afar by Sigmund (6 damage)
             ... with a magic dart
             ... on level 2 of the Dungeon.
             The game lasted 00:06:37 (534 turns).

ipx the Firebug (Deep Elf Fire Elementalist)         Turns: 534, Time: 00:06:37

Health: -5/15      AC:  2    Str:  5    XL:     2   Next: 86%
Magic:  8/8        EV: 12    Int: 19    God:
Gold:   0          SH:  0    Dex: 15    Spells: 6/7 levels left

rFire    . . .     SeeInvis .   b - scroll of enchant armour {unknown}
rCold    . . .     Faith    .   (no shield)
rNeg     . . .     Spirit   .   a - +0 robe
rPois    .         Reflect  .   (no helmet)
rElec    .         Harm     .   (no cloak)
rCorr    .         Rampage  .   (no gloves)
Will     .....                  (no boots)
Stlth    ++........             (no amulet)
HPRegen  0.05/turn              (no ring)
MPRegen  0.11/turn              (no ring)

@: no status effects
A: no striking features
a: no special abilities


You were on level 2 of the Dungeon.
You visited 1 branch of the dungeon, and saw 2 of its levels.

Inventory:

Missiles
 e - 4 curare-tipped darts (quivered)
Armour
 a - a +0 robe (worn)
 f - a +0 kite shield
Magical Staves
 g - a staff of earth
Scrolls
 b - a scroll of enchant armour (in hand) {unknown}
 d - a scroll of fear {unknown}
 h - 2 scrolls of identify {unknown}
 i - a scroll of enchant weapon {unknown}
Potions
 c - a potion of curing {unknown}


   Skills:
 + Level 0.6 Throwing
 - Level 2.4 Dodging
 - Level 2.4 Stealth
 - Level 3.0 Spellcasting
 * Level 2.5 Conjurations
 + Level 3.6 Fire Magic


You had 6 spell levels left.
You knew the following spells:

 Your Spells              Type           Power      Damage    Failure   Level
x - Foxfire               Conj/Fire      56%        2x1d6     4%          1

Your spell library contained the following spells:

 Spells                   Type           Power      Damage    Failure   Level
 Conjure Flame            Conj/Fire      14%        6-21      13%         3
 Summon Small Mammal      Summ           8%         N/A       16%         1
 Ensorcelled Hibernation  Hex/Ice        4%         N/A       22%         2
 Inner Flame              Hex/Fire       9%         N/A       22%         3
 Sticky Flame             Conj/Fire      14%        2d4       38%         4
 Call Canine Familiar     Summ           2%         N/A       41%         3
 Spider Form              Tmut/Pois      1%         N/A       41%         3
 Summon Guardian Golem    Hex/Summ       2%         N/A       41%         3
 Fireball                 Conj/Fire      7%         3d5       75%         5
 Shadow Creatures         Summ           N/A        N/A       100%        6


Dungeon Overview and Level Annotations

Branches:
Dungeon (2/15)

Altars:

Shops:
D:2 [

Annotations:
D:2 Sigmund


Message History

Sigmund the Dreaded comes into view.
He is wielding a +0 vorpal scythe and wearing a +2 robe of positive energy.
Sigmund shouts!
You see here 16 bolts.
Throw: 8 darts (curare)
Press: ? - help, Q - select action, (/) - cycle Shift-Dir - straight line, f - Sigmund
Aim: Sigmund, wielding a +0 vorpal scythe and wearing a +2 robe of positive energy (53% to hit)
You throw a curare-tipped dart.
The curare-tipped dart closely misses Sigmund.
Your foxfire dissipates!
Sigmund screams, "Only death can liberate you!"
You see here a giant cockroach corpse.
Throw: 7 darts (curare)
Press: ? - help, Q - select action, (/) - cycle Shift-Dir - straight line, f/p - Sigmund
Aim: Sigmund, wielding a +0 vorpal scythe and wearing a +2 robe of positive energy (53% to hit)
You throw a curare-tipped dart.
The curare-tipped dart barely misses Sigmund.
Throw: 6 darts (curare)
Press: ? - help, Q - select action, (/) - cycle Shift-Dir - straight line, f/p - Sigmund
Aim: Sigmund, wielding a +0 vorpal scythe and wearing a +2 robe of positive energy (53% to hit)
You throw a curare-tipped dart. The curare-tipped dart hits Sigmund.
Sigmund is poisoned.
Sigmund convulses.
Sigmund seems to slow down.
Sigmund is moderately wounded.
Sigmund hits you from afar with a +0 vorpal scythe!
Ouch! That really hurt!
* * * LOW HITPOINT WARNING * * *
x2
Press: ? - help, v - describe, . - travel
Here: Sigmund, wielding a +0 vorpal scythe and wearing a +2 robe of positive energy (heavily wounded, poisoned, slow)
The floor.
Unknown command.
Throw: 5 darts (curare)
Press: ? - help, Q - select action, (/) - cycle Shift-Dir - straight line, f/p - Sigmund
Aim: Sigmund, wielding a +0 vorpal scythe and wearing a +2 robe of positive energy (heavily wounded, poisoned, slow, 53% to hit)
You throw a curare-tipped dart. The curare-tipped dart hits Sigmund.
Sigmund looks even sicker.
Sigmund convulses.
Sigmund seems to be slow for longer.
Sigmund is severely wounded.
Sigmund gestures at you while chanting. The magic dart hits you.
You die...

#.#.#.#.# ##.#.###.#.#.#
# ........#.#.#.#
#.#.#.......#.#
#...###....<#.#
#...###.#.#.#.#
#.........#.#.#
#...###...#.#.#
#..@###.#.#.#.######
#.......#.#.........
#####.#.###...#.#.####.#
........###.....#.###
........@.@...........
#......####..#..######
#.#.... #†.#.## #.#.#..
#(.#.# #.....(.(..#.#


You could see Sigmund (very poisoned, slow).

Vanquished Creatures
  A dart slug (D:1)
  3 bats (D:1)
  2 endoplasms
  A giant cockroach (D:2)
  2 goblins (D:1)
  A hobgoblin (D:1)
  3 jackals (D:1)
  2 ball pythons (D:1)
  4 frilled lizards (D:1)
  4 rats (D:1)
23 creatures vanquished.

Vanquished Creatures (others)
  60 foxfires
60 creatures vanquished.

Grand Total: 83 creatures vanquished

Notes
Turn   | Place    | Note
-------+----------+-------------------------------------------
     0 | D:1      | ipx the Deep Elf Fire Elementalist began the quest for the
                  | Orb.
     0 | D:1      | Reached XP level 1. HP: 10/10 MP: 6/6
   135 | D:1      | Reached XP level 2. HP: 15/15 MP: 5/8
   433 | D:2      | Found Adwuibu's Armour Shoppe.
   521 | D:2      | Noticed Sigmund
   534 | D:2      | Killed from afar by Sigmund

Illustrated notes

Levels and vault maps discovered:
D:1:      wheals_arrival_shading, layout_basic, chequers_decorated_corner,
          nrook_campfire, nrook_mini_backslash, moated_statue
D:2:      layout_basic, serial_shops, shop, uniq_sigmund

Skill      XL: |  1 |
---------------+----+-----
Conjurations   | 2 |  2.5
Throwing       | |  0.6
Dodging        | |  2.4
Stealth        | |  2.4
Spellcasting   | |  3.0
Fire Magic     | |  3.6

Action                   || total
-------------------------++-------
Melee: Unarmed           ||     3
Throw: Dart              ||     5
 Cast: Foxfire           ||    34
Armor: Robe              ||     2
Dodge: Dodged            ||     3

Table legend: (Time is in decaauts)
 A = Elapsed time spent in this place.
 B = Non-inter-level travel time spent in this place.
 C = Inter-level travel time spent in this place.
 D = Time resting spent in this place.
 E = Time spent auto-exploring this place.
 F = Levels seen in this place.
 G = Mean time per level.
                   A        B        C        D        E       F      G
               +--------+--------+--------+--------+--------+-----+--------+
         Total |    564 |    564 |      0 |      0 |      0 |   2 |  282.0 |
       Dungeon |    564 |    564 |      0 |      0 |      0 |   2 |  282.0 |
               +--------+--------+--------+--------+--------+-----+--------+

Top non-repeatable levels by time:
     D:1: 463 daAuts
     D:2: 100 daAuts
